 Dungeon Crawl Stone Soup version 0.26-a0-639-g72c4674329 (webtiles) character file.

Game seed: 6886043583814645116

1325558 ANON1729 the Merfolkian Porcupine (level 27, -18/244 (249) HPs)
             Began as a Merfolk Gladiator on Sept 18, 2020.
             Was the Champion of Ru.
             Killed from afar by a revenant (39 damage)
             ... with a ghostly fireball
             ... on level 3 of the Tomb of the Ancients.
             The game lasted 04:36:55 (124371 turns).

ANON1729 the Merfolkian Porcupine (MfGl)          Turns: 124371, Time: 04:36:56

HP:   -18/244 (249) AC:  3    Str: 29      XL:     27
MP:   36/36         EV: 39    Int:  7      God:    Ru [******]
Gold: 7404          SH: 23    Dex: 14 (16) Spells: 54/54 levels left

rFire    + + .     SeeInvis +   g - +8 demon trident "Rift" {distort, reach+}
rCold    + + .     Faith    .   Y - +5 kite shield {reflect}
rNeg     . . .     Spirit   .   (no armour)
rPois    +         Reflect  +   (no helmet)
rElec    +         Harm     .   o - +1 cloak of Starlight {rElec rC+ EV+4 Stlth--}
rCorr    .         Rampage  .   (no gloves)
MR       ++...     Rnd*Rage +   (boots currently unavailable)
Stlth    ..........             T - amulet of Fatigue {rC+ Regen+ Slay+3 SInv Stlth+}
HPRegen  0.90/turn              P - ring of Spontaneous Combustion {rF+ Str+3 Int+3 Slay+4}
MPRegen  0.25/turn              S - ring of Jadghij {rPois AC+4 Slay+5}

@: lethally poisoned (-18 -> -25), exhausted, about to teleport, mesmerised,
heavily drained, very quick
A: change form in water, swift swim, stealthy swim, molten scales 1, berserk 1,
deterioration 1, dopey 2, fire resistance 1, low mp 1, mutation resistance 1,
screaming 1, no potion heal 1, no stealth, hated by all, no air magic, no hexes
magic, no necromancy magic, reduced AC 1, disrupted magic 3
}: 14/15 runes: decaying, slimy, silver, iron, obsidian, icy, bone, abyssal,
demonic, glowing, magical, fiery, dark, gossamer
a: Draw Out Power, Power Leap, Apocalypse, Renounce Religion


You were on level 3 of the Tomb of the Ancients.
You worshipped Ru.
Ru was exalted by your worship.
You visited 17 branches of the dungeon, and saw 89 of its levels.
You visited Pandemonium 1 time, and saw 12 of its levels.
You visited the Abyss 4 times.
You also visited: Ice Cave and Volcano.

You collected 18490 gold pieces.
You spent 11086 gold pieces at shops.

Inventory:

Hand Weapons
 g - the +8 demon trident "Rift" (weapon) {distort, reach+}
   (You took it off a deep elf annihilator on level 3 of the Elven Halls)

   It warps and distorts space around it.
   Unwielding it can cause banishment or high damage.
 x - a +9 demon trident of flaming
Missiles
 i - 12 throwing nets
 y - 9 silver javelins (quivered)
 M - 29 javelins
Armour
 b - a +2 pair of boots of flying
 c - a +2 pair of gloves
 h - a +2 hat
 o - the +1 cloak of Starlight (worn) {rElec rC+ EV+4 Stlth--}
   (You found it on level 3 of the Elven Halls)

   It affects your evasion (+4).
   It protects you from cold.
   It insulates you from electricity.
   It makes you much less stealthy.
 A - the +8 chain mail of the Prince of Darkness {rF- Dex+4 Slay+3}
   (You found it on level 8 of the Dungeon)

   It affects your dexterity (+4).
   It affects your accuracy and damage with ranged weapons and melee attacks
   (+3).
   It makes you vulnerable to fire.
 O - the +27 Lear's hauberk (melded)
   (You found it on level 5 of the Pits of Slime)
 Y - a +5 kite shield of reflection (worn)
Jewellery
 d - the ring of Liloo {+Blink rN++ MR+ Dex-5 Stlth+}
   (You found it on level 7 of the Iron City of Dis)

   [ring of protection from magic]

   It affects your dexterity (-5).
   It greatly protects you from negative energy.
   It affects your resistance to hostile enchantments.
   It lets you blink.
   It makes you more stealthy.
 w - an uncursed ring of resist corrosion
 P - the ring of Spontaneous Combustion (left hand) {rF+ Str+3 Int+3 Slay+4}
   (You found it in Pandemonium)

   [ring of slaying]

   It affects your strength (+3).
   It affects your intelligence (+3).
   It affects your accuracy and damage with ranged weapons and melee attacks
   (+4).
   It protects you from fire.
 S - the ring of Jadghij (right hand) {rPois AC+4 Slay+5}
   (You bought it in a shop on level 2 of the Dungeon)

   [ring of protection]

   It affects your AC (+4).
   It affects your accuracy and damage with ranged weapons and melee attacks
   (+5).
   It protects you from poison.
 T - the amulet of Fatigue (around neck) {rC+ Regen+ Slay+3 SInv Stlth+}
   (You bought it in a shop on level 2 of the Depths)

   [amulet of regeneration]

   It affects your accuracy and damage with ranged weapons and melee attacks
   (+3).
   It protects you from cold.
   It lets you see invisible.
   It increases your rate of regeneration.
   It makes you more stealthy.
 U - the ring of Robustness {AC+8}
   (You found it on level 5 of the Lair of Beasts)

   [ring of protection]

   It affects your AC (+8).
Wands
 a - a wand of iceblast (50)
 f - a wand of digging (14)
 t - a wand of acid (21)
 v - a wand of flame (146)
 F - a wand of disintegration (88)
 N - a wand of paralysis (21)
Scrolls
 j - 32 scrolls of remove curse
 k - 2 scrolls of blinking
 l - 2 scrolls of magic mapping
 n - 5 scrolls of enchant armour
 p - 13 scrolls of immolation
 B - 4 scrolls of fog
 C - 16 scrolls of identify
 D - 2 scrolls of amnesia
 G - 11 scrolls of fear
 H - 5 scrolls of silence
 K - 6 scrolls of vulnerability
 L - 19 scrolls of teleportation
Potions
 e - 3 potions of magic
 m - 10 potions of cancellation
 q - 2 potions of haste
 r - 8 potions of lignification
 s - 2 potions of invisibility
 z - 28 potions of curing
 E - 13 potions of ambrosia
 I - 2 potions of might
 J - 13 potions of brilliance
 V - 9 potions of stabbing
 W - 3 potions of resistance
 X - 3 potions of berserk rage
Miscellaneous
 u - a tin of tremorstones (inert)
 Q - a condenser vane (inert)
 Z - a phial of floods (inert)


   Skills:
 O Level 27(23.2) Fighting
 O Level 27(23.2) Polearms
 O Level 27(23.2) Throwing
 + Level 23.7(20.1) Armour
 O Level 27(23.2) Dodging
 O Level 27(23.2) Shields
 - Level 14.1(11.1) Spellcasting
 * Level 23.1(19.5) Evocations


You had 54 spell levels left.
You didn't know any spells.
Your spell library contained the following spells:

 Spells                   Type           Power        Failure   Level
 Apportation              Tloc           #.....       38%         1
 Beastly Appendage        Tmut           #.....       38%         1
 Foxfire                  Conj/Fire      #...         38%         1
 Magic Dart               Conj           #...         38%         1
 Sting                    Tmut/Pois      #...         38%         1
 Blink                    Tloc           N/A          47%         2
 Searing Ray              Conj           #.....       47%         2
 Wereblood                Tmut           #.......     47%         2
 Conjure Flame            Conj/Fire      #.......     67%         3
 Gell's Gravitas          Tloc           #.........   67%         3
 Ignite Poison            Fire/Tmut/Pois #.......     67%         3
 Spider Form              Tmut/Pois      #.........   67%         3
 Stone Arrow              Conj/Erth      #.....       67%         3
 Ice Form                 Ice/Tmut       #.......     95%         4
 Iskenderun's Mystic Bla  Conj/Tloc      #.......     95%         4
 Olgreb's Toxic Radiance  Pois           #.......     95%         4
 Petrify                  Tmut/Erth      #.......     95%         4
 Sticky Flame             Conj/Fire      #.......     95%         4
 Alistair's Intoxication  Tmut/Pois      #........    100%        5
 Blade Hands              Tmut           #.........   100%        5
 Bolt of Magma            Conj/Fire/Erth #.........   100%        5
 Fireball                 Conj/Fire      #.........   100%        5
 Irradiate                Conj/Tmut      #.........   100%        5
 Iskenderun's Battlesphe  Conj           #.......     100%        5
 Lee's Rapid Deconstruct  Erth           #.........   100%        5
 Dispersal                Tloc           #.........   100%        6
 Eringya's Noxious Bog    Tmut/Pois      #.........   100%        6
 Hydra Form               Tmut           #.........   100%        6
 Iron Shot                Conj/Erth      #.........   100%        6
 Ozocubu's Refrigeration  Ice            #.........   100%        6
 Statue Form              Tmut/Erth      #........    100%        6
 Dragon Form              Tmut           #.........   100%        7
 Disjunction              Tloc           #.........   100%        8
 Ignition                 Fire           #.........   100%        8
 Lehudib's Crystal Spear  Conj/Erth      #.........   100%        8
 Absolute Zero            Ice            #.........   100%        9
 Fire Storm               Conj/Fire      #.........   100%        9
 Shatter                  Erth           #.........   100%        9
 Animate Skeleton         Necr           Unusable     N/A         1
 Corona                   Hex            Unusable     N/A         1
 Pain                     Necr           Unusable     N/A         1
 Shock                    Conj/Air       Unusable     N/A         1
 Summon Small Mammal      Summ           Unusable     N/A         1
 Call Imp                 Summ           Unusable     N/A         2
 Ensorcelled Hibernation  Hex/Ice        Unusable     N/A         2
 Poisonous Vapours        Pois/Air       Unusable     N/A         2
 Slow                     Hex            Unusable     N/A         2
 Swiftness                Air            Unusable     N/A         2
 Call Canine Familiar     Summ           Unusable     N/A         3
 Confusing Touch          Hex            Unusable     N/A         3
 Dazzling Flash           Conj/Hex       Unusable     N/A         3
 Inner Flame              Hex/Fire       Unusable     N/A         3
 Mephitic Cloud           Conj/Pois/Air  Unusable     N/A         3
 Portal Projectile        Hex/Tloc       Unusable     N/A         3
 Static Discharge         Conj/Air       Unusable     N/A         3
 Summon Guardian Golem    Hex/Summ       Unusable     N/A         3
 Tukima's Dance           Hex            Unusable     N/A         3
 Vampiric Draining        Necr           Unusable     N/A         3
 Airstrike                Air            Unusable     N/A         4
 Animate Dead             Necr           Unusable     N/A         4
 Cause Fear               Hex            Unusable     N/A         4
 Fulminant Prism          Conj/Hex       Unusable     N/A         4
 Leda's Liquefaction      Hex/Erth       Unusable     N/A         4
 Summon Ice Beast         Ice/Summ       Unusable     N/A         4
 Summon Lightning Spire   Summ/Air       Unusable     N/A         4
 Agony                    Necr           Unusable     N/A         5
 Borgnjor's Vile Clutch   Necr/Erth      Unusable     N/A         5
 Excruciating Wounds      Necr           Unusable     N/A         5
 Lightning Bolt           Conj/Air       Unusable     N/A         5
 Metabolic Englaciation   Hex/Ice        Unusable     N/A         5
 Silence                  Hex/Air        Unusable     N/A         5
 Summon Forest            Summ/Tloc      Unusable     N/A         5
 Summon Mana Viper        Hex/Summ       Unusable     N/A         5
 Freezing Cloud           Conj/Ice/Air   Unusable     N/A         6
 Invisibility             Hex            Unusable     N/A         6
 Shadow Creatures         Summ           Unusable     N/A         6
 Simulacrum               Ice/Necr       Unusable     N/A         6
 Haunt                    Necr/Summ      Unusable     N/A         7
 Chain Lightning          Conj/Air       Unusable     N/A         8
 Discord                  Hex            Unusable     N/A         8
 Dragon's Call            Summ           Unusable     N/A         9
 Tornado                  Air            Unusable     N/A         9

Dungeon Overview and Level Annotations

Branches:
Dungeon (15/15)            Temple (0/1) D:4            Lair (6/6) D:11
  Swamp (4/4) Lair:2       Spider (4/4) Lair:2        Slime (5/5) Lair:5
    Orc (2/2) D:9             Elf (3/3) Orc:2        Vaults (5/5) D:14
  Crypt (3/3) Vaults:2       Tomb (3/3) Crypt:3      Depths (5/5) D:15
   Hell (visited)             Dis (7/7) Hell            Geh (7/7) Hell
    Coc (7/7) Hell            Tar (7/7) Hell            Zot (5/5) Depths:5
  IceCv (visited)         Volcano (visited)

Altars:
Ashenzari
Gozag
Kikubaaqudgha
Makhleb
Okawaru
Ru
Trog
Vehumet
Wu Jian
Xom
Yredelemnul
The Shining One
Beogh
Jiyva

Shops:
D:2 *   D:11 ?   Orc:1 }   Orc:2 [(*[   Elf:2 =   Vaults:2 }*(=   Vaults:4 [
Vaults:5 =   Depths:2 }==

Portals:
Hell: Depths:1 Depths:2 Depths:3 Depths:4 Depths:5
Abyss: Depths:2 Depths:4 Depths:5
Pandemonium: Depths:2 Depths:3 Depths:4
Ziggurat: Depths:5

Annotations:
D:7 1 runed translucent door, Migumi's ghost, novice GnWn
D:12 exclusion: 2 doors
D:14 2 transporters, Jygidero's ghost, journeyman OpVM
D:15 1 runed translucent door
Spider:1 1 runed translucent door, Sentirvil's ghost, adept GrEE
Elf:2 3 runed translucent doors
Vaults:1 3 runed translucent doors, Syen's ghost, veteran GnSk
Crypt:2 2 transporters, Etulorun's ghost, veteran MiBe
Tomb:3 Frederick; Jory; Khufu
Abyss:1 Antaeus; Cerebov; Dispater; Ereshkigal; Gloorx Vloq; Mnoleg


Innate Abilities, Weirdness & Mutations

You revert to your normal form in water.
You are very nimble and swift while swimming.
You are very stealthy in the water. (Stealth+)
You are very dopey. (Int -4)
You occasionally shout uncontrollably at your foes.
Potions are less effective at restoring your health.
You cannot be stealthy.
You are hated by all.
You cannot study or cast Air magic.
You cannot study or cast Hexes magic.
You cannot study or cast Necromancy magic.
You take slightly more damage. (AC -5)
Your casting is seriously disrupted.
You are partially covered in molten scales. (AC +2)
You tend to lose your temper in combat.
Your body sometimes deteriorates upon taking damage.
Your flesh is heat resistant. (rF+)
Your magical capacity is low. (-10% MP)
You are somewhat resistant to further mutation.


Message History

You feel very sick. The revenant barely misses you.
The mummy priest mumbles some strange prayers to its god against you.
Something smites you!
* * * LOW HITPOINT WARNING * * *
The ushabti shakes and rattles.
The vile air hits the greater mummy.
The vile air hits the revenant.
The vile air hits you!
* * * LOW HITPOINT WARNING * * *
You focus your will and illuminate the ushabti in retribution!
Lightning arcs down from a storm cloud!
Evoke which item? (* to show all) (? for menu, Esc to quit)
Okay, then.
As you read the scroll of teleportation, it crumbles to dust.
You feel strangely unstable.
You feel sick.
You hear a screech!
The revenant lashes out with ghostly flames.
The ghostly flame explodes!
The ghostly fireball engulfs you!!!
You feel drained.
You die...

#..####..........******
#..# ##z........,** **
#..# ##........,,* *,
#..# #.z........##*.
#§.# ##..........#..
#§M## #..M.......#..
#§8§#####*#..M.........
##§§M§§V###...M.......^
##§§L@≈≈##....°.....M.
#####☼##*#....z.....z
***^...*#....8...Mzz
***,,^....##....☼.s.MM
*,,,,,...z.##..M.☼.V4z
**,,,,,.....<##...○z.zM
*,,,,,,.......##.MM8M@M
*,,,,,,......M,##..MMM8
*,,,,,,,,,,,,,,*#M8MzV8


You could see 2 greater mummies, Jory (mesmerising), a revenant, a mummy priest,
a skeletal warrior and an ushabti (corona).

Vanquished Creatures
  Asmodeus (Geh:7)
  the Royal Jelly (Slime:5)
  4 pandemonium lords (Pan)
  Lom Lobon (Pan)
  the Serpent of Hell (Geh:7)
  6 ancient liches
  2 orbs of fire (Zot:5)
  12 greater mummies
  Boris (Tomb:2)
  4 Killer Klowns (Zot:5)
  A caustic shrike (Depths:4)
  Bai Suzhen (Crypt:3)
  8 shard shrikes
  3 curse toes
  Geryon (Hell)
  2 pearl dragons (Pan)
  5 golden dragons
  4 bone dragons
  the Enchantress (Depths:4)
  6 doom hounds
  13 liches
  3 electric golems
  10 Tzitzimimeh
  9 Brimstone Fiends
  An iron giant (Dis:7)
  A hellephant (Hell)
  9 Hell Sentinels
  16 tentacled monstrosities
  2 deep elf master archers (Elf:3)
  16 Ice Fiends
  A deep elf blademaster (Elf:3)
  18 Orb Guardians
  Asterion (Spider:3)
  4 titans
  5 quicksilver dragons
  8 ancient champions
  12 acid blobs
  3 death cobs
  Murray (Hell)
  16 Executioners
  9 sphinxes
  Frances (Elf:1)
  3 tentacled starspawn
  5 thorn hunters
  Roxanne (Elf:2)
  10 storm dragons
  8 shadow dragons
  Kirke (Lair:4)
  Donald (Orc:2)
  7 tengu reavers
  10 daevas (Pan)
  2 blood saints (Pan)
  2 revenants (Crypt:3)
  6 draconian monks
  6 azure jellies
  7 iron dragons
  9 draconian knights
  13 frost giants
  10 vault wardens
  2 orc warlords
  7 draconian scorchers
  12 ghost moths
  A warmonger (Pan)
  2 corrupters (Pan)
  4 deep elf sorcerers
  Aizul (Vaults:3)
  2 curse skulls (Pan)
  23 balrugs
  22 fire giants
  6 emperor scorpions
  6 draconian shifters
  13 cacodemons
  6 draconian annihilators
  7 deep elf elementalists
  19 angels (Pan)
  9 draconian stormcallers
  7 ghouls
  9 ironheart preservers
  2 entropy weavers (shapeshifter)
  4 elemental wellsprings
  44 reapers
  14 war gargoyles
  7 ophanim (Pan)
  21 stone giants
  32 very ugly things
  6 spriggan defenders
  5 entropy weavers
  7 green draconians
  11 vampire knights
  16 black draconians
  9 bennus
  13 yellow draconians
  8 deep elf demonologists
  16 red draconians
  12 deep elf annihilators
  8 lorocyprocas
  13 white draconians
  9 purple draconians
  19 apis (Pan)
  2 black suns (Pan)
  7 spark wasps
  12 mummy priests
  14 ettins
  4 death oozes (Slime:5)
  16 blizzard demons
  5 green deaths
  12 deep elf death magi
  A merfolk javelineer (Depths:1)
  3 eidola
  An ettin (shapeshifter) (Vaults:5)
  Josephine (D:13)
  6 fire dragons
  2 kraken zombies
  16 jiangshi
  5 deep elf high priests
  15 great orbs of eyes
  20 ice dragons
  Fannar (Lair:1)
  21 yaktaur captains
  A quicksilver dragon zombie (Geh:4)
  14 hydras
  3 hell beasts
  7 rakshasas
  Erica (D:10)
  27 vault guards
  4 shambling mangroves
  6 ghost crabs
  9 spriggan air magi
  4 monstrous demonspawn (Pan)
  12 alligators
  4 quicksilver dragon skeletons
  11 centaur warriors
  A catoblepas (Abyss:5)
  37 two-headed ogres
  11 dancing weapons
  11 tengu warriors
  An alligator (shapeshifter) (D:14)
  3 deep troll shamans
  2 death knights
  39 death scarabs
  4 death yaks (Lair:5)
  4 titan zombies
  7 deep troll earth magi
  8 vampire magi
  23 hell hogs
  2 orc high priests (Orc:2)
  12 ogre magi
  7 spriggan berserkers
  14 thrashing horrors
  29 hell knights
  8 storm dragon zombies
  39 sun demons
  34 soul eaters
  15 deep elf knights
  4 iron golems
  6 wretched stars
  106 skeletal warriors
  4 storm dragon skeletons
  6 iron trolls
  3 titan skeletons
  3 death drakes
  14 cherubim (Pan)
  8 flayed ghosts
  A spriggan druid (Swamp:3)
  9 sixfirhies
  2 spatial maelstroms (Abyss:2)
  4 unseen horrors
  An entropy weaver zombie (Crypt:2)
  8 anaconda zombies
  6 glowing orange brains
  13 deep trolls
  19 shadow wraiths
  8 wizards
  A quicksilver dragon simulacrum (Coc:4)
  A golden dragon zombie (Dis:3)
  A spectral hydra (Swamp:4)
  4 torturous demonspawn
  Pikel (D:9)
  A swamp dragon (Swamp:1)
  19 deep elf archers
  4 gelid demonspawn (Pan)
  2 lindwurms (Lair:5)
  16 shadow demons
  12 orc knights
  2 wolf spider zombies
  A kraken simulacrum (Coc:6)
  A swamp dragon (shapeshifter) (Vaults:5)
  A harpy (shapeshifter) (Vaults:1)
  29 large abominations
  2 shadow dragon zombies
  9 anaconda skeletons
  12 phantasmal warriors
  17 ironbrand convokers
  2 iron dragon zombies
  3 stone giant zombies
  18 necromancers
  2 golden dragon skeletons
  3 frost giant zombies
  6 orc sorcerers
  A wolf spider (shapeshifter) (Vaults:5)
  A salamander (shapeshifter) (Vaults:1)
  5 oklob plants
  22 orb spiders
  2 shining eyes (shapeshifter)
  34 ugly things
  3 cyclopes
  3 fire giant zombies
  7 shadow dragon skeletons
  4 shining eyes
  4 worldbinders
  36 wolf spiders
  60 deep elf magi
  A moth of wrath (shapeshifter) (Depths:3)
  34 moths of wrath
  3 frost giant skeletons
  2 iron dragon skeletons
  A guardian serpent (shapeshifter) (Depths:3)
  33 rust devils
  2 apocalypse crabs (Abyss:2)
  A stone giant skeleton (Geh:4)
  5 black mambas
  2 shock serpent zombies
  2 dire elephant zombies
  5 molten gargoyles
  A titan simulacrum (Tar:6)
  7 fire giant skeletons
  21 smoke demons
  7 gargoyles
  5 ice statues
  A water nymph (shapeshifter) (Abyss:5)
  4 elephants (Lair:6)
  13 vault sentinels
  21 orange demons
  3 eyes of devastation
  3 emperor scorpion zombies
  23 cane toads
  Maggie (D:10)
  22 hellions
  A catoblepas zombie (Crypt:2)
  10 demonic crawlers
  7 komodo dragons
  32 freezing wraiths
  3 dire elephant skeletons
  2 kobold demonologists
  12 rime drakes
  4 swamp worm zombies
  5 catoblepas skeletons (Abyss:5)
  A komodo dragon (shapeshifter) (Depths:2)
  67 yaktaurs
  6 hellwings (Pan)
  47 ice devils
  2 anaconda simulacra
  8 tengu conjurers
  4 ancient zymes
  20 efreet
  18 guardian mummies
  A purple draconian skeleton (Geh:4)
  31 tormentors
  38 red devils
  6 meliai
  A queen bee (Lair:5)
  7 trolls
  A yaktaur skeleton (Vaults:4)
  A polar bear (shapeshifter) (Elf:1)
  A queen bee (shapeshifter) (Vaults:3)
  27 jumping spiders
  4 harpy zombies
  16 small abominations
  A wolf spider simulacrum (Coc:4)
  A merfolk (shapeshifter) (Depths:5)
  A silent spectre (Abyss:3)
  14 hydra zombies
  2 meliai (shapeshifter) (Vaults:1)
  A jumping spider (shapeshifter) (Vaults:1)
  6 bog bodies
  A harpy skeleton (Geh:3)
  5 polar bears
  A shadow dragon simulacrum (Coc:4)
  3 spectral swamp dragons (Swamp:4)
  12 tyrant leeches
  18 hippogriffs
  33 hornets
  6 hydra skeletons
  15 raiju (Abyss:5)
  20 dream sheep
  A slime creature (shapeshifter) (Depths:3)
  A meliai zombie (D:11)
  2 human simulacra (Vaults:3)
  8 alligator zombies
  18 blink frogs
  4 ettin zombies
  54 slime creatures
  2 blink frogs (shapeshifter)
  A frost giant simulacrum (Coc:7)
  A snapping turtle (shapeshifter) (Vaults:5)
  2 fire dragon zombies
  9 air elementals
  99 flying skulls
  5 vampires
  A fire giant simulacrum (Depths:2)
  16 ynoxinuls
  3 alligator skeletons
  10 ettin skeletons
  9 ushabtiu
  59 redbacks
  16 water elementals
  3 fire dragon skeletons
  28 fire elementals
  19 tarantellas
  4 ice dragon skeletons
  34 wraiths
  36 yaks
  26 shadows
  Sigmund (D:6)
  3 wyverns
  24 spriggans
  A human (shapeshifter) (Depths:4)
  9 fire bats
  20 neqoxecs
  A dire elephant simulacrum (Crypt:3)
  23 humans
  A black mamba skeleton (Tar:5)
  4 basilisks
  8 chaos spawn
  8 steam dragons
  7 golden eyes
  19 vampire mosquitoes
  Edmund (D:6)
  16 insubstantial wisps
  9 wargs
  A monstrous demonspawn zombie (Crypt:1)
  An acid dragon (D:15)
  15 swamp worms
  14 water moccasins
  2 hydra simulacra
  4 floating eyes
  57 hell hounds
  A monstrous demonspawn skeleton (Crypt:3)
  10 porcupines
  6 cane toad zombies
  50 orc warriors
  33 ice beasts
  10 swamp drakes
  4 sky beasts
  An alligator simulacrum (Coc:6)
  10 phantoms
  3 cane toad skeletons
  22 necrophages
  A black bear (shapeshifter) (Elf:2)
  A snapping turtle zombie (Tar:6)
  6 swamp dragon zombies
  An ice dragon simulacrum (Coc:4)
  A manticore zombie (Dis:7)
  5 black bears
  18 boggarts
  6 human zombies
  4 eyes of draining
  2 manticore skeletons
  3 elf skeletons
  16 centaurs
  33 wolves
  2 swamp dragon skeletons
  40 ogres
  4 snapping turtle skeletons
  14 crocodiles
  3 lemures (D:8)
  A crocodile (shapeshifter) (Vaults:2)
  21 big kobolds
  15 bullfrogs
  4 earth elementals (Abyss:5)
  A gnoll sergeant (D:8)
  A cane toad simulacrum (Hell)
  A wyvern zombie (D:13)
  A scorpion (D:10)
  A troll zombie (Crypt:1)
  23 killer bees
  2 snapping turtle simulacra
  16 electric eels
  A raiju skeleton (Crypt:1)
  59 wights
  4 howler monkeys
  A spriggan skeleton (Volcano)
  29 starcursed masses
  10 crimson imps
  3 quasits
  5 centaur zombies
  8 centaur skeletons
  5 jellies
  25 orc priests
  Crazy Yiuf (D:2)
  4 hounds
  25 orc wizards
  2 iguanas
  23 iron imps
  2 bullfrog skeletons
  7 human skeletons
  2 spectral swamp drakes (Swamp:4)
  7 worker ants
  4 hell rats
  An acid dragon zombie (Crypt:3)
  A crocodile zombie (Crypt:2)
  A dwarf zombie (Crypt:3)
  2 naga skeletons (Volcano)
  3 ogre skeletons
  A tengu skeleton (Crypt:2)
  49 mummies
  A howler monkey zombie (D:7)
  3 worker ant zombies
  9 adders
  14 gnolls
  A river rat (D:13)
  A swamp drake zombie (Swamp:4)
  12 shadow imps
  25 white imps
  11 ufetubi
  A lava snake skeleton (Crypt:1)
  2 worms
  4 dart slugs
  4 leopard geckos
  122 orcs
  A bat zombie (Crypt:1)
  5 giant cockroaches
  10 goblins
  7 hobgoblins
  5 jackals
  6 quokkas
  3 ball pythons
  6 bats
  6 frilled lizards
  A frilled lizard skeleton (Crypt:3)
  25 kobolds
  A leopard gecko skeleton (D:6)
  2 quokka skeletons
  12 rats
  2 briar patches (Swamp:4)
  4 crawling corpses (Elf:3)
  2 fire vortices (Geh:7)
  A lurking horror (Abyss:2)
  A starspawn tentacle (Abyss:3)
  7 tentacles
  A withered plant (Crypt:3)
4380 creatures vanquished.

Vanquished Creatures (others)
  An ancient lich (Abyss:5)
  An Ice Fiend (Pan)
  A deep elf blademaster (Elf:2)
  A fire giant (Vaults:4)
  3 ghost moths
  A stone giant (Depths:4)
  A bennu (Tomb:3)
  A jiangshi (Tar:5)
  A rakshasa (Pan)
  2 alligators
  A death scarab (Tomb:1)
  2 ogre magi
  A tengu warrior (Depths:5)
  A dancing weapon (Elf:2)
  A spriggan berserker (Depths:5)
  2 deep elf knights (Elf:2)
  A skeletal warrior (Dis:7)
  A sixfirhy (Pan)
  An unseen horror (D:15)
  A spectral hydra (Swamp:4)
  A deep troll (Vaults:1)
  A necromancer (Depths:3)
  2 deep elf magi
  An elephant (Lair:6)
  An ugly thing (Pan)
  A wolf spider (Spider:4)
  A moth of wrath (Zot:2)
  4 smoke demons (Pan)
  A swamp worm zombie (Swamp:4)
  A cane toad (Lair:5)
  3 yaktaurs
  A guardian mummy (Tomb:2)
  A red devil (Pan)
  3 hornets (Swamp:2)
  A hydra zombie (Swamp:4)
  2 jumping spiders (Spider:4)
  A bog body (Lair:2)
  A raiju (Abyss:5)
  3 large abominations (Abyss:5)
  2 flying skulls (Coc:6)
  3 tarantellas
  3 redbacks
  3 spriggans (Swamp:2)
  An ettin skeleton (Tar:7)
  A shadow (D:13)
  An ushabti (Tomb:3)
  2 wraiths
  3 golden eyes
  2 chaos spawn (Pan)
  2 swamp worms
  2 insubstantial wisps (Swamp:4)
  A hell hound (Abyss:5)
  2 floating eyes
  An orc warrior (Vaults:4)
  A swamp drake (Swamp:1)
  A starcursed mass (Abyss:5)
  An eye of draining (Abyss:5)
  A phantom (Swamp:4)
  2 centaurs
  2 ogres
  A crocodile (Lair:2)
  A small abomination (Abyss:5)
  2 earth elementals (Elf:2)
  A wight (Dis:6)
  A crimson imp (Pan)
  An iron imp (Hell)
  A mummy (Tomb:2)
  A river rat (D:13)
  A shadow imp (Tar:6)
  4 white imps
  3 ufetubi (IceCv)
  6 ball lightnings (Pan)
  5 orcs
  2 kobolds (D:10)
  4 bushes (D:11)
  30 fungi
  3 lurking horrors
  55 plants
  6 starspawn tentacles
  20 tentacles
  A withered plant (Crypt:3)
241 creatures vanquished.

Grand Total: 4621 creatures vanquished

Notes
Turn   | Place    | Note
-------+----------+-------------------------------------------
     0 | D:1      | ANON1729 the Merfolk Gladiator began the quest for the Orb.
     0 | D:1      | Reached XP level 1. HP: 16/16 MP: 1/1
   276 | D:1      | Reached XP level 2. HP: 23/23 MP: 2/2
  1013 | D:1      | Reached XP level 3. HP: 26/28 MP: 3/3
  1286 | D:2      | Found an opulent altar of Gozag.
  1286 | D:2      | Found Gozag's Platinum Reserve.
  1316 | D:2      | Reached skill level 5 in Polearms
  1920 | D:2      | Found a runed translucent door.
  1921 | D:2      | Noticed Crazy Yiuf
  1932 | D:2      | Killed Crazy Yiuf
  1932 | D:2      | Reached XP level 4. HP: 20/35 MP: 4/4
  2285 | D:3      | Reached skill level 5 in Dodging
  2512 | D:2      | Reached XP level 5. HP: 23/41 MP: 5/5
  2939 | D:3      | Found a shattered altar of Ashenzari.
  2939 | D:3      | Found a sacrificial altar of Ru.
  3042 | D:3      | Became a worshipper of Ru the Awakened
  3166 | D:3      | Found a radiant altar of Vehumet.
  3833 | D:4      | Reached XP level 6. HP: 48/48 MP: 6/6
  4023 | D:4      | Found a staircase to the Ecumenical Temple.
  4681 | D:5      | Entered Level 5 of the Dungeon
  4953 | D:5      | Noticed a sky beast
  4988 | D:5      | Reached XP level 7. HP: 22/55 MP: 7/7
  5898 | D:5      | Reached skill level 5 in Fighting
  6057 | D:5      | Gained mutation: You occasionally shout uncontrollably at
                  | your foes. [Ru sacrifice]
  6394 | D:5      | Reached XP level 8. HP: 43/62 MP: 8/8
  7148 | D:6      | Reached skill level 5 in Throwing
  8270 | D:6      | Noticed Sigmund
  8282 | D:6      | Killed Sigmund
  8350 | D:6      | Noticed Edmund
  8358 | D:6      | Killed Edmund
  8358 | D:6      | Reached XP level 9. HP: 71/71 MP: 9/9
  8469 | D:7      | Found a runed translucent door.
  8470 | D:7      | Noticed Migumi's ghost (novice GnWn)
  8481 | D:7      | Got a creamy pearl robe
  8493 | D:7      | Identified the +2 robe of the Evil One {-Tele *Contam rPois
                  | MR+ Str+4} (You found it on level 7 of the Dungeon)
  8498 | D:7      | Found an ornate altar of the Wu Jian Council.
  9957 | D:8      | Gained mutation: You are hated by all. [Ru sacrifice]
  9957 | D:8      | Reached * piety under Ru
  9957 | D:8      | Reached ** piety under Ru
  9980 | D:8      | Got an ancient chain mail
  9991 | D:8      | Identified the +8 chain mail of the Prince of Darkness {rF-
                  | Dex+4 Slay+3} (You found it on level 8 of the Dungeon)
 10027 | D:8      | Reached skill level 10 in Polearms
 10137 | D:8      | Noticed a two-headed ogre
 10148 | D:8      | Killed a two-headed ogre
 10207 | D:8      | Reached XP level 10. HP: 80/80 MP: 10/10
 10358 | D:8      | Found an iron altar of Okawaru.
 10398 | D:8      | Reached skill level 10 in Dodging
 11139 | D:9      | Noticed Pikel
 11154 | D:9      | Killed Pikel
 12036 | D:9      | Reached XP level 11. HP: 89/89 MP: 11/11
 12255 | D:9      | Found a staircase to the Orcish Mines.
 12493 | D:10     | Entered Level 10 of the Dungeon
 12529 | D:10     | Noticed Maggie
 12550 | D:10     | Killed Maggie
 12621 | D:10     | Noticed a two-headed ogre
 12637 | D:10     | Killed a two-headed ogre
 12798 | D:10     | Noticed Erica
 12820 | D:10     | Killed Erica
 13349 | D:10     | Reached skill level 10 in Fighting
 14080 | D:11     | Noticed a six-headed hydra
 14096 | D:11     | Killed a six-headed hydra
 14404 | D:11     | Reached XP level 12. HP: 94/99 MP: 12/12
 14581 | D:11     | Found a staircase to the Lair.
 14672 | D:11     | Reached skill level 10 in Throwing
 15286 | D:11     | Found Pufoergh's Magic Scroll Shoppe.
 15294 | D:11     | Bought a scroll of noise for 11 gold pieces
 15294 | D:11     | Bought a scroll of teleportation for 33 gold pieces
 15294 | D:11     | Bought a scroll of fog for 22 gold pieces
 15294 | D:11     | Bought a scroll of blinking for 82 gold pieces
 15294 | D:11     | Bought a scroll of fog for 22 gold pieces
 15294 | D:11     | Bought a scroll of amnesia for 38 gold pieces
 15480 | D:12     | Noticed a two-headed ogre
 15493 | D:11     | Killed a two-headed ogre
 16125 | D:12     | Noticed a centaur warrior
 16142 | D:12     | Killed a centaur warrior
 16261 | D:12     | Noticed a two-headed ogre
 16273 | D:12     | Killed a two-headed ogre
 16479 | D:13     | Noticed a five-headed hydra
 16617 | D:13     | Killed a five-headed hydra
 17653 | D:13     | Reached skill level 15 in Polearms
 17700 | D:13     | Reached XP level 13. HP: 77/107 MP: 13/13
 18058 | D:13     | Got a translucent flail
 18481 | D:13     | Noticed an orc warlord
 18481 | D:13     | Noticed a yaktaur captain
 20348 | D:14     | Noticed a vault guard
 20801 | D:14     | Killed a vault guard
 20948 | D:14     | Reached skill level 15 in Dodging
 21378 | D:14     | Found a transporter.
 21388 | D:14     | Found a transporter.
 21436 | D:14     | Found a bloodstained altar of Trog.
 21436 | D:14     | Identified the +7 great mace of Dim Light {chaos, Int+3
                  | Dex+3 Stlth+}
 21437 | D:14     | Noticed Jygidero's ghost (journeyman OpVM)
 21765 | D:14     | Noticed a spark wasp
 21773 | D:14     | a spark wasp changed into an alligator
 21919 | D:14     | Reached XP level 14. HP: 116/116 MP: 14/14
 22155 | D:14     | Found a gate to the Vaults.
 23448 | D:13     | Gained mutation: You cannot study or cast Air magic. [Ru
                  | sacrifice]
 23448 | D:13     | Gained mutation: You cannot study or cast Hexes magic. [Ru
                  | sacrifice]
 23448 | D:13     | Gained mutation: You cannot study or cast Necromancy magic.
                  | [Ru sacrifice]
 23448 | D:13     | Reached *** piety under Ru
 23465 | D:13     | Killed an orc warlord
 23987 | D:13     | Noticed Josephine
 24005 | D:13     | Killed Josephine
 24401 | Lair:1   | Entered Level 1 of the Lair of Beasts
 24530 | Lair:1   | Got a heavily jewelled robe
 24642 | Lair:1   | Identified the +4 robe of Wianid {Int+5 Dex-2} (You found
                  | it on level 1 of the Lair of Beasts)
 25208 | Lair:1   | Noticed Fannar
 25233 | Lair:1   | Killed Fannar
 25778 | Lair:2   | Found a hole to the Spider Nest.
 25829 | Lair:2   | Found a staircase to the Swamp.
 25859 | Lair:2   | Found a dark tunnel.
 25883 | Volcano  | Entered a volcano
 26950 | Lair:2   | Gained mutation: You cannot be stealthy. [Ru sacrifice]
 27830 | Lair:3   | You fall into a shaft and drop 2 floors!
 28140 | Lair:4   | Reached XP level 15. HP: 126/126 MP: 15/15
 28358 | Lair:4   | Noticed Kirke
 28371 | Lair:4   | Killed Kirke
 28900 | Lair:5   | Gained mutation: Your casting is slightly disrupted. [Ru
                  | sacrifice]
 28900 | Lair:5   | Reached **** piety under Ru
 30838 | Lair:5   | Found the ring of Robustness {AC+8}
 31125 | Lair:5   | Found a viscous altar of Jiyva.
 31125 | Lair:5   | Found a staircase to the Slime Pits.
 31714 | Lair:6   | Entered Level 6 of the Lair of Beasts
 33148 | Lair:6   | Got a bloodstained ring mail
 33157 | Lair:6   | Identified the +5 ring mail "Metuip" {rElec} (You found it
                  | on level 6 of the Lair of Beasts)
 33159 | Lair:6   | Identified 2 scrolls of acquirement
 33169 | Lair:6   | Acquired a manual of Fighting
 33170 | Lair:6   | Acquired a manual of Armour
 33175 | Lair:6   | Gained mutation: You take slightly more damage. (AC -5) [Ru
                  | sacrifice]
 33175 | Lair:6   | Reached ***** piety under Ru
 33345 | Lair:6   | Reached skill level 15 in Fighting
 33638 | Lair:6   | Reached XP level 16. HP: 81/136 MP: 16/16
 34839 | Orc:1    | Entered Level 1 of the Orcish Mines
 35118 | Orc:2    | Entered Level 2 of the Orcish Mines
 35710 | Orc:1    | Found Koumiugg's Gadget Boutique.
 36110 | Orc:2    | Gained mutation: Your casting is disrupted. [Ru sacrifice]
 36191 | Orc:2    | Noticed Donald
 36207 | Orc:2    | Killed Donald
 36237 | Orc:2    | Found a runed translucent door.
 36325 | Orc:2    | Found a roughly hewn altar of Beogh.
 36453 | Orc:2    | Found a roughly hewn altar of Beogh.
 36531 | Orc:2    | Found a roughly hewn altar of Beogh.
 36596 | Orc:2    | Found a roughly hewn altar of Beogh.
 36677 | Orc:2    | Found a roughly hewn altar of Beogh.
 36678 | Orc:2    | Found Xaowk's General Store.
 36922 | Orc:2    | Found a staircase to the Elven Halls.
 36963 | Orc:2    | Found a roughly hewn altar of Beogh.
 37543 | Orc:2    | Found a roughly hewn altar of Beogh.
 37543 | Orc:2    | Found Baqiarogao's Antique Armour Emporium.
 37578 | Orc:2    | Found Eganyuph's Antique Armour Boutique.
 37679 | Orc:2    | Found Wasempi's Antique Weapon Shoppe.
 38055 | Orc:2    | Found a roughly hewn altar of Beogh.
 38277 | D:9      | Reached skill level 1 in Armour
 38986 | D:15     | Entered Level 15 of the Dungeon
 39070 | D:15     | Gained mutation: Your casting is seriously disrupted. [Ru
                  | sacrifice]
 39215 | D:15     | Found a runed translucent door.
 39234 | D:15     | Reached skill level 1 in Shields
 39891 | D:15     | Found a staircase to the Depths.
 40790 | Swamp:1  | Entered Level 1 of the Swamp
 41729 | Swamp:1  | Reached XP level 17. HP: 112/147 MP: 17/17
 42187 | Swamp:1  | HP: 7/147 [poison (poison gas)]
 42192 | Swamp:1  | HP: 5/147 [poison (poison gas)]
 42198 | Swamp:1  | HP: 4/147 [poison (poison gas)]
 42204 | Swamp:1  | HP: 4/147 [poison (poison gas)]
 42212 | Swamp:1  | HP: 5/147 [poison (poison gas)]
 42681 | Swamp:1  | Reached skill level 5 in Armour
 43120 | Swamp:2  | Paralysed by a hornet for 1 turns
 45709 | Swamp:3  | Paralysed by a hornet for 1 turns
 46374 | Swamp:4  | Entered Level 4 of the Swamp
 47713 | Swamp:4  | Reached skill level 15 in Throwing
 48537 | Swamp:4  | Found a radiant altar of Vehumet.
 49013 | Swamp:4  | Got an ancient scale mail
 49019 | Swamp:4  | Identified the +4 scale mail of Nihilism {rF+} (You found
                  | it on level 4 of the Swamp)
 49339 | Swamp:4  | Noticed a bone dragon
 49393 | Swamp:4  | Killed a bone dragon
 49481 | Swamp:4  | Reached XP level 18. HP: 127/158 MP: 18/18
 49615 | Swamp:4  | Reached skill level 5 in Shields
 50040 | Swamp:4  | Got a decaying rune of Zot
 50364 | Spider:1 | Entered Level 1 of the Spider Nest
 50818 | Spider:1 | Found a runed translucent door.
 50818 | Spider:1 | Found a shimmering altar of Xom.
 50818 | Spider:1 | Noticed Sentirvil's ghost (adept GrEE)
 53060 | Spider:2 | Got a smelly scale mail
 53401 | Spider:2 | Identified the +4 scale mail of Inviolability {rPois Regen+
                  | MP+9} (You found it on level 2 of the Spider Nest)
 53770 | Spider:3 | Paralysed by a hornet for 1 turns
 54471 | Spider:3 | Noticed Asterion
 54504 | Spider:3 | Gained mutation: Your magical capacity is low. (-10% MP) [a
                  | cacodemon]
 54506 | Spider:3 | Killed Asterion
 55504 | Spider:4 | Entered Level 4 of the Spider Nest
 55506 | Spider:4 | Found a frozen archway.
 55515 | IceCv    | Entered an ice cave
 56104 | IceCv    | Noticed an Ice Fiend
 56113 | IceCv    | Noticed an Ice Fiend
 56124 | IceCv    | Killed an Ice Fiend
 56151 | IceCv    | Killed an Ice Fiend
 56190 | IceCv    | Reached skill level 10 in Armour
 57110 | Spider:4 | Reached XP level 19. HP: 117/168 MP: 17/17
 58328 | Spider:4 | Got a gossamer rune of Zot
 59020 | Vaults:1 | Entered Level 1 of the Vaults
 60175 | Vaults:1 | Found a runed translucent gate.
 60176 | Vaults:1 | Found a runed translucent gate.
 60176 | Vaults:1 | Found a runed translucent gate.
 60176 | Vaults:1 | Noticed Syen's ghost (veteran GnSk)
 60241 | Vaults:1 | Found a huge runed gate.
 60241 | Vaults:1 | Found a huge runed gate.
 60335 | Vaults:1 | Found a huge runed gate.
 60336 | Vaults:1 | Found a huge runed gate.
 60337 | Vaults:1 | Found a huge runed gate.
 60338 | Vaults:1 | Found a huge runed gate.
 60338 | Vaults:1 | Found a huge runed gate.
 60338 | Vaults:1 | Found a huge runed gate.
 60338 | Vaults:1 | Found a huge runed gate.
 60338 | Vaults:1 | Found a huge runed gate.
 60339 | Vaults:1 | Found a huge runed gate.
 60340 | Vaults:1 | Found a huge runed gate.
 60341 | Vaults:1 | Found a huge runed gate.
 60342 | Vaults:1 | Found a huge runed gate.
 60343 | Vaults:1 | Found a huge runed gate.
 60351 | Vaults:1 | Found a huge runed gate.
 60351 | Vaults:1 | Found a huge runed gate.
 60351 | Vaults:1 | Found a huge runed gate.
 60351 | Vaults:1 | Found a huge runed gate.
 60351 | Vaults:1 | Found a huge runed gate.
 60356 | Vaults:1 | Found a huge runed gate.
 60546 | Vaults:1 | Found a huge runed gate.
 60547 | Vaults:1 | Found a huge runed gate.
 60548 | Vaults:1 | Found a huge runed gate.
 60556 | Vaults:1 | Found a huge runed gate.
 60556 | Vaults:1 | Found a huge runed gate.
 60556 | Vaults:1 | Found a huge runed gate.
 60556 | Vaults:1 | Found a huge runed gate.
 60556 | Vaults:1 | Found a huge runed gate.
 60556 | Vaults:1 | Found a huge runed gate.
 60556 | Vaults:1 | Found a huge runed gate.
 60640 | Vaults:1 | Found a huge runed gate.
 60641 | Vaults:1 | Found a huge runed gate.
 60649 | Vaults:1 | Found a huge runed gate.
 60649 | Vaults:1 | Found a huge runed gate.
 60649 | Vaults:1 | Found a huge runed gate.
 61900 | Elf:1    | Entered Level 1 of the Elven Halls
 61924 | Elf:1    | Reached XP level 20. HP: 178/178 MP: 18/18
 62948 | Elf:1    | Noticed Frances
 62961 | Elf:1    | Killed Frances
 64112 | Elf:2    | Noticed Roxanne
 64115 | Elf:2    | Gained mutation: You are dopey. (Int -2) [Ru sacrifice]
 64154 | Elf:2    | Killed Roxanne
 64606 | Elf:2    | Found Buodghot's Jewellery Boutique.
 64683 | Elf:2    | Found a runed translucent gate.
 64683 | Elf:2    | Found a runed translucent gate.
 64683 | Elf:2    | Found a runed translucent gate.
 64712 | Elf:3    | Entered Level 3 of the Elven Halls
 66328 | Elf:3    | Noticed a Tzitzimitl
 66822 | Elf:3    | Cast into level 3 of the Abyss (a deep elf demonologist)
 66822 | Abyss:3  | Found a corrupted altar of Lugonu.
 66826 | Elf:3    | Escaped the Abyss
 67032 | Elf:3    | Noticed a Tzitzimitl
 67038 | Elf:3    | Noticed a Tzitzimitl
 67386 | Elf:3    | Cast into level 2 of the Abyss (a deep elf demonologist)
 67395 | Abyss:2  | Found a roughly hewn altar of Beogh.
 67397 | Abyss:2  | Found a corrupted altar of Lugonu.
 67718 | Abyss:3  | Reached XP level 21. HP: 165/186 MP: 18/18
 67851 | Abyss:3  | Gained mutation: You have an uncontrollable temper. [a
                  | neqoxec]
 68014 | Elf:3    | Escaped the Abyss
 68149 | Elf:3    | Acquired 4790 gold pieces
 68323 | Elf:3    | Found the +1 cloak of Starlight {rElec rC+ EV+4 Stlth--}
 68327 | Elf:3    | Identified the ring "Xadacut" {Slay+2 SInv}
 68668 | Elf:3    | Identified Sif Muna's Catalogue of Bewitching Envenoming
 68695 | Elf:3    | Got a twisted chain mail
 68706 | Elf:3    | Identified the cursed +0 chain mail "Duag" {rN++ Str+3
                  | Dex-5 SInv} (You found it on level 3 of the Elven Halls)
 69199 | D:2      | Bought the ring of Jadghij {rPois AC+4 Slay+5} for 6820
                  | gold pieces
 69827 | Vaults:2 | Found Lotypi's Antique Weapon Boutique.
 70282 | Vaults:2 | Found a staircase to the Crypt.
 70282 | Vaults:2 | Found a basalt altar of Yredelemnul.
 70283 | Vaults:2 | Found an ancient bone altar of Kikubaaqudgha.
 70487 | Vaults:2 | Found Kimec's Jewellery Boutique.
 70597 | Vaults:2 | Lost mutation: Your magical capacity is low. (-10% MP)
                  | [potion of mutation]
 70597 | Vaults:2 | Gained mutation: Your magical capacity is low. (-10% MP)
                  | [potion of mutation]
 70597 | Vaults:2 | Gained mutation: You are somewhat resistant to further
                  | mutation. [potion of mutation]
 70597 | Vaults:2 | Gained mutation: You are partially covered in molten
                  | scales. (AC +2) [potion of mutation]
 70845 | Vaults:2 | Found Owuiqero's General Store.
 70857 | Vaults:2 | Bought 2 potions of curing for 84 gold pieces
 70923 | Vaults:2 | Found Uluciyvo's Magic Scroll Boutique.
 70927 | Vaults:2 | Bought a scroll of acquirement for 1092 gold pieces
 70927 | Vaults:2 | Bought a scroll of enchant armour for 157 gold pieces
 70927 | Vaults:2 | Bought a scroll of identify for 42 gold pieces
 70927 | Vaults:2 | Bought a scroll of teleportation for 63 gold pieces
 70927 | Vaults:2 | Bought a scroll of identify for 42 gold pieces
 70927 | Vaults:2 | Bought a scroll of identify for 42 gold pieces
 70927 | Vaults:2 | Bought a scroll of identify for 42 gold pieces
 70927 | Vaults:2 | Bought a scroll of brand weapon for 420 gold pieces
 70927 | Vaults:2 | Bought a scroll of identify for 42 gold pieces
 70949 | Vaults:2 | Acquired 1030 gold pieces
 70953 | Vaults:2 | Found Uwyit's Gadget Boutique.
 70961 | Vaults:2 | Bought a condenser vane (2/2) for 360 gold pieces
 71821 | Vaults:3 | Reached XP level 22. HP: 196/196 MP: 19/19
 71895 | Vaults:3 | Noticed Aizul
 71903 | Vaults:3 | Killed Aizul
 72185 | Vaults:3 | Reached skill level 10 in Shields
 72783 | Vaults:4 | Gained mutation: Potions are less effective at restoring
                  | your health. [Ru sacrifice]
 72783 | Vaults:4 | Reached ****** piety under Ru
 73238 | Vaults:4 | Found Gaiw's Armour Boutique.
 73251 | Vaults:4 | Cast into level 2 of the Abyss (a deep elf sorcerer)
 73251 | Abyss:2  | Found a corrupted altar of Lugonu.
 73273 | Abyss:2  | Found a corrupted altar of Lugonu.
 73953 | Vaults:4 | Escaped the Abyss
 74662 | Depths:1 | Entered Level 1 of the Depths
 74781 | Depths:1 | Reached XP level 23. HP: 171/205 MP: 20/20
 75211 | Depths:1 | Found a gateway to Hell.
 76303 | Depths:2 | Acquired a manual of Shields
 76304 | Depths:2 | Identified the amulet "Realautte" {Acrobat rC+ Str+3 SInv}
                  | (You found it on level 2 of the Depths)
 76524 | Depths:2 | Found a one-way gate leading to the halls of Pandemonium.
 76968 | Depths:2 | Found Ynupuyxt's Gadget Emporium.
 76968 | Depths:2 | Found Ririarphe's Jewellery Boutique.
 76969 | Depths:2 | Found Jomoipig's Jewellery Boutique.
 76978 | Depths:2 | Bought the amulet of Fatigue {rC+ Regen+ Slay+3 SInv
                  | Stlth+} for 1272 gold pieces
 77049 | Depths:2 | Found a one-way gate to the infinite horrors of the Abyss.
 77256 | Depths:3 | Paralysed by a floating eye for 2 turns
 77916 | Depths:3 | Reached XP level 24. HP: 191/214 MP: 20/20
 78542 | Depths:3 | Got a scorched chain mail
 78553 | Depths:3 | Identified the +3 chain mail of Hassiyff {+Inv rElec rCorr}
                  | (You found it on level 3 of the Depths)
 78782 | Depths:4 | Found a glowing golden altar of the Shining One.
 78782 | Depths:4 | Found a bloodstained altar of Trog.
 78783 | Depths:4 | Found a burning altar of Makhleb.
 79099 | Depths:4 | Noticed the Enchantress
 79116 | Depths:4 | Killed the Enchantress
 79667 | Depths:4 | Reached XP level 25. HP: 221/223 MP: 20/20
 79773 | Depths:4 | Noticed a juggernaut
 79786 | Depths:4 | Banished a juggernaut
 79966 | Depths:4 | Reached skill level 15 in Armour
 80051 | Depths:4 | Identified the Almanac of Venom
 80054 | Depths:4 | Identified the +0 robe of Dim Light {*Contam rElec Dex+4}
                  | (You found it on level 4 of the Depths)
 80325 | Depths:5 | Entered Level 5 of the Depths
 80419 | Depths:5 | Found a gateway to a ziggurat.
 80419 | Depths:5 | Noticed an ancient lich
 80434 | Depths:5 | Banished an ancient lich
 80434 | Depths:5 | Reached skill level 15 in Shields
 80556 | Depths:5 | Found a gate to the Realm of Zot.
 81019 | Depths:5 | Identified the +10 trident of Crystal {antimagic, +Inv
                  | rPois Int+3}
 81509 | Vaults:5 | Entered Level 5 of the Vaults
 81737 | Vaults:5 | Noticed an ancient lich
 81751 | Vaults:5 | Reached XP level 26. HP: 171/231 MP: 20/20
 81779 | Vaults:4 | Killed an ancient lich
 82351 | Vaults:5 | Found Impuime's Jewellery Shoppe.
 82914 | Vaults:5 | Identified the cursed +0 scale mail "Dasuo" {rN++} (You
                  | found it on level 5 of the Vaults)
 83407 | Vaults:5 | Identified the +1 plate armour "Xuroakh" {rElec rC+} (You
                  | found it on level 5 of the Vaults)
 83540 | Vaults:5 | Noticed an ancient lich
 83552 | Vaults:5 | Killed an ancient lich
 84021 | Vaults:5 | Identified the ring of Xorch {Str+4 Dex-4 Stlth-} (You
                  | found it on level 5 of the Vaults)
 84035 | Vaults:5 | Got a silver rune of Zot
 84568 | Lair:6   | Identified the +3 buckler of Articulation {Int+5} (You
                  | found it on level 6 of the Lair of Beasts)
 84972 | Zot:1    | Entered Level 1 of the Realm of Zot
 85050 | Zot:1    | Reached XP level 27. HP: 83/240 MP: 4/20
 86705 | Zot:1    | You are sucked into a shaft and drop 1 floor!
 88957 | Zot:3    | Identified the cursed +0 chain mail of Resilience {rPois
                  | Stlth+} (You found it on level 3 of the Realm of Zot)
 89157 | Zot:4    | Identified the Compendium of Dusty Transmutation
 89422 | Zot:4    | Reached skill level 27 in Polearms
 90410 | Zot:5    | Entered Level 5 of the Realm of Zot
 90543 | Zot:5    | Noticed an orb of fire
 90557 | Zot:5    | Killed an orb of fire
 91221 | Zot:5    | Noticed an ancient lich
 91224 | Zot:5    | Noticed an orb of fire
 91226 | Zot:5    | Noticed an orb of fire
 91233 | Zot:5    | Gained mutation: Your flesh is heat resistant. (rF+) [an
                  | orb of fire]
 91236 | Zot:5    | Noticed an orb of fire
 91670 | Zot:5    | Banished an orb of fire
 91697 | Zot:5    | Banished an orb of fire
 91778 | Zot:5    | Noticed an orb of fire
 91781 | Zot:5    | Banished an orb of fire
 91831 | Zot:5    | Noticed an ancient lich
 91839 | Zot:5    | Killed an ancient lich
 91900 | Zot:5    | Killed an ancient lich
 92326 | Zot:5    | Killed an orb of fire
 92953 | Hell     | Entered the Vestibule of Hell
 92953 | Hell     | Noticed Geryon
 93748 | Hell     | Noticed Murray
 93840 | Hell     | Killed Murray
 93899 | Hell     | Killed Geryon
 93952 | Hell     | Found a gateway to the freezing wastes of Cocytus.
 94046 | Hell     | Found a gateway to the Iron City of Dis.
 94139 | Hell     | Found a gateway to the ashen valley of Gehenna.
 94268 | Hell     | Found a gateway to the decaying netherworld of Tartarus.
 94459 | Dis:1    | Entered Level 1 of the Iron City of Dis
 94782 | Dis:1    | Reached skill level 27 in Dodging
 96035 | Dis:6    | Reached skill level 27 in Fighting
 96743 | Dis:7    | Entered Level 7 of the Iron City of Dis
 97981 | Dis:7    | Identified Advanced Steps in Spellweaving
 98156 | Dis:7    | Identified the +4 staff of Dispater
 98156 | Dis:7    | Noticed Dispater
 98176 | Dis:7    | Banished Dispater
 98201 | Dis:7    | Got an iron rune of Zot
 98203 | Dis:7    | Identified the ring of Liloo {+Blink rN++ MR+ Dex-5 Stlth+}
                  | (You found it on level 7 of the Iron City of Dis)
 98569 | Tar:1    | Entered Level 1 of Tartarus
 98853 | Tar:2    | You fall into a shaft and drop 1 floor!
100124 | Tar:7    | Entered Level 7 of Tartarus
100975 | Tar:7    | Noticed an ancient lich
100983 | Tar:7    | Paralysed by an ancient lich for 5 turns
100988 | Tar:7    | Banished an ancient lich
100990 | Tar:7    | Noticed Ereshkigal
101284 | Tar:7    | Paralysed by Ereshkigal for 6 turns
101337 | Tar:7    | Banished Ereshkigal
101589 | Tar:7    | Got a bone rune of Zot
101918 | Coc:1    | Entered Level 1 of Cocytus
102261 | Coc:7    | Entered Level 7 of Cocytus
102387 | Coc:7    | Noticed Antaeus
102828 | Coc:3    | You fall into a shaft and drop 1 floor!
102947 | Coc:4    | You fall into a shaft and drop 2 floors!
104787 | Coc:7    | Banished Antaeus
104797 | Coc:7    | Got an icy rune of Zot
105006 | Pan      | Entered Pandemonium
105029 | Pan      | Noticed Baadum the pandemonium lord
105045 | Pan      | Banished Baadum the pandemonium lord
105300 | Pan      | Noticed Zysosos the pandemonium lord
105877 | Pan      | Reached skill level 5 in Evocations
105911 | Pan      | Entered the realm of Gloorx Vloq.
105963 | Pan      | Reached skill level 5 in Spellcasting
106619 | Pan      | Noticed Gloorx Vloq
106627 | Pan      | Banished Gloorx Vloq
106864 | Pan      | Got a dark rune of Zot
106940 | Pan      | Entered the realm of Cerebov.
107332 | Pan      | Identified the Grimoire of Arcane Weapons and Stones
107336 | Pan      | Identified the Compendium of Icy Beguiling
107464 | Pan      | Identified the ring of Spontaneous Combustion {rF+ Str+3
                  | Int+3 Slay+4} (You found it in Pandemonium)
107680 | Pan      | Found an exit through the horrors of the Abyss.
108037 | Pan      | Identified the +6 sword of Cerebov {flame}
108037 | Pan      | Noticed Cerebov
108072 | Pan      | Banished Cerebov
108146 | Pan      | Identified the cursed +1 short sword "Morewk" {venom,
                  | *Noise rN+ Str+2 Dex+3} (You found it in Pandemonium)
108185 | Pan      | Got a fiery rune of Zot
108272 | Pan      | Got a fine amethyst amulet
108281 | Pan      | Identified the amulet of Duishry {Reflect Str-3 Int+5 SH+5}
                  | (You found it in Pandemonium)
108358 | Pan      | Noticed Yvuhyj the pandemonium lord
108396 | Pan      | Killed Yvuhyj the pandemonium lord
108589 | Pan      | Reached skill level 10 in Evocations
108898 | Pan      | Noticed Wiari the pandemonium lord
108907 | Pan      | Killed Wiari the pandemonium lord
109281 | Pan      | Acquired 690 gold pieces
109391 | Pan      | Found a huge runed translucent gate.
109396 | Pan      | Found a huge runed translucent gate.
109400 | Pan      | Found a huge runed translucent gate.
109401 | Pan      | Found a huge runed translucent gate.
109401 | Pan      | Found a huge runed translucent gate.
109401 | Pan      | Found a huge runed translucent gate.
109402 | Pan      | Found a huge runed translucent gate.
109409 | Pan      | Noticed Genuet the pandemonium lord
109426 | Pan      | Killed Genuet the pandemonium lord
109434 | Pan      | Reached skill level 10 in Spellcasting
109609 | Pan      | Entered the realm of Lom Lobon.
109609 | Pan      | Noticed Lom Lobon
109638 | Pan      | Killed Lom Lobon
109684 | Pan      | Got a magical rune of Zot
110242 | Pan      | Entered the realm of Mnoleg.
110242 | Pan      | Noticed Mnoleg
110265 | Pan      | Banished Mnoleg
110434 | Pan      | Found an exit through the horrors of the Abyss.
110503 | Pan      | Gained mutation: Your body sometimes deteriorates upon
                  | taking damage. [a neqoxec]
110683 | Pan      | Gained mutation: You are very dopey. (Int -4) [a cacodemon]
110721 | Pan      | Got a glowing rune of Zot
110821 | Pan      | Noticed Refriyx the pandemonium lord
110845 | Pan      | Killed Refriyx the pandemonium lord
110951 | Pan      | Found a glowing silver altar of Zin.
111707 | Pan      | Noticed a seraph
111713 | Pan      | Banished a seraph
112154 | Pan      | Found a white marble altar of Elyvilon.
112645 | Pan      | Identified the ring of Ru's Reproof {Wiz rN+ MR+ Str+4}
112707 | Pan      | Identified the ring of Zikhot {+Blink rPois rC++ MR- Int+6}
112715 | Pan      | Found a glowing golden altar of the Shining One.
112773 | Pan      | Identified the ring of Lorph {*Tele Int+7 Dex+4} (You found
                  | it in Pandemonium)
112777 | Pan      | Got a demonic rune of Zot
112848 | Depths:3 | Escaped Pandemonium
112859 | Depths:3 | Cast into level 5 of the Abyss (unwielding a weapon of
                  | distortion)
112859 | Abyss:5  | Entered Level 5 of the Abyss
113319 | Abyss:5  | Paralysed by accursed screaming for 2 turns
113336 | Abyss:5  | Paralysed by accursed screaming for 1 turns
113378 | Abyss:5  | Paralysed by accursed screaming for 1 turns
113393 | Abyss:5  | Paralysed by accursed screaming for 1 turns
113400 | Abyss:5  | Noticed an ancient lich
113409 | Abyss:5  | Killed an ancient lich
113435 | Abyss:5  | Got an abyssal rune of Zot
113445 | Depths:3 | Escaped the Abyss
113511 | Depths:2 | Bought an uncursed ring of resist corrosion for 400 gold
                  | pieces
113804 | Slime:1  | Entered Level 1 of the Pits of Slime
113831 | Slime:1  | Reached skill level 15 in Evocations
113953 | Slime:5  | Entered Level 5 of the Pits of Slime
114023 | Slime:5  | Noticed the Royal Jelly
114024 | Slime:5  | Found a viscous altar of Jiyva.
114032 | Slime:5  | Killed the Royal Jelly
114070 | Slime:5  | Reached skill level 27 in Throwing
114082 | Slime:5  | Found the +27 Lear's hauberk
114092 | Slime:5  | Got a slimy rune of Zot
114102 | Slime:5  | Identified the ring "Secvelah" {*Contam rC- MR+++ Dex+2
                  | Stlth-} (You found it on level 5 of the Pits of Slime)
114179 | Slime:5  | Identified The Advanced Guide to Witchcraft
114182 | Slime:5  | Got a flickering wooden ring
114194 | Slime:5  | Identified the ring of Muzxewn {rC++ rN+ Int+9 Dex-2} (You
                  | found it on level 5 of the Pits of Slime)
114195 | Slime:5  | Identified the ring of Lesser Demons {+Inv rF- AC+4 Dex+6
                  | Stlth+} (You found it on level 5 of the Pits of Slime)
114218 | Slime:5  | Identified Sif Muna's Volume of Dusty Venom
114232 | Slime:5  | Identified the ring "Lebir" {Ice *Drain Slay+6} (You found
                  | it on level 5 of the Pits of Slime)
114893 | Geh:1    | Entered Level 1 of Gehenna
117077 | Geh:7    | Entered Level 7 of Gehenna
117363 | Geh:7    | Noticed the Serpent of Hell
117394 | Geh:7    | Killed the Serpent of Hell
117659 | Geh:7    | Identified the +7 sceptre of Asmodeus
117659 | Geh:7    | Noticed Asmodeus
117685 | Geh:7    | Killed Asmodeus
117882 | Geh:7    | Got an obsidian rune of Zot
118484 | Crypt:1  | Entered Level 1 of the Crypt
118741 | Crypt:1  | You fall into a shaft and drop 1 floor!
118781 | Crypt:2  | Found a basalt altar of Yredelemnul.
118957 | Crypt:2  | Found a transporter.
118959 | Crypt:2  | Noticed Etulorun's ghost (veteran MiBe)
118976 | Crypt:2  | Found a transporter.
119170 | Crypt:3  | Entered Level 3 of the Crypt
119370 | Crypt:3  | Found a staircase to the Tomb.
119790 | Crypt:3  | Found a basalt altar of Yredelemnul.
120124 | Crypt:3  | Found an ancient bone altar of Kikubaaqudgha.
120152 | Crypt:3  | Identified the Almanac of Beguiling and Summoning
120204 | Crypt:3  | Identified the Handbook of Necromancy
120278 | Crypt:3  | Noticed Bai Suzhen
120292 | Crypt:3  | Killed Bai Suzhen
120373 | Tomb:1   | Entered Level 1 of the Tomb of the Ancients
120813 | Tomb:1   | Noticed an ancient lich
120832 | Tomb:1   | Killed an ancient lich
121087 | Tomb:1   | Noticed a greater mummy
121098 | Tomb:1   | Banished a greater mummy
121430 | Tomb:1   | Reached skill level 27 in Shields
121520 | Tomb:2   | Noticed an ancient lich
121545 | Tomb:2   | Killed an ancient lich
121549 | Tomb:2   | Noticed a greater mummy
121808 | Tomb:2   | Noticed a greater mummy
121809 | Tomb:2   | Noticed a greater mummy
121826 | Tomb:2   | Banished a greater mummy
121834 | Tomb:2   | Killed a greater mummy
121836 | Tomb:2   | Banished a greater mummy
122235 | Tomb:1   | Noticed a greater mummy
122236 | Tomb:1   | Noticed a greater mummy
122236 | Tomb:1   | Noticed a greater mummy
122240 | Tomb:1   | Noticed a greater mummy
122255 | Tomb:1   | Killed a greater mummy
122256 | Tomb:1   | Banished a greater mummy
122259 | Tomb:1   | Killed a greater mummy
122260 | Tomb:1   | Noticed a greater mummy
122268 | Tomb:1   | Killed a greater mummy
122271 | Tomb:1   | Noticed a greater mummy
122274 | Tomb:1   | Banished a greater mummy
122284 | Tomb:1   | Killed a greater mummy
122340 | Tomb:1   | Noticed a greater mummy
122480 | Tomb:1   | Noticed a greater mummy
122490 | Tomb:1   | Killed a greater mummy
122506 | Tomb:1   | Killed a greater mummy
122514 | Tomb:1   | Noticed a greater mummy
122517 | Tomb:1   | Noticed a greater mummy
122517 | Tomb:1   | Noticed a greater mummy
122522 | Tomb:1   | Noticed a greater mummy
122730 | Tomb:1   | Noticed a greater mummy
122740 | Tomb:1   | Banished a greater mummy
122745 | Tomb:1   | Banished a greater mummy
122768 | Tomb:1   | Killed a greater mummy
122774 | Tomb:1   | Killed a greater mummy
122777 | Tomb:1   | Killed a greater mummy
122850 | Tomb:1   | Noticed a greater mummy
123015 | Tomb:1   | Killed a greater mummy
123200 | Tomb:1   | Noticed a greater mummy
123207 | Tomb:1   | Killed a greater mummy
123421 | Tomb:1   | Noticed a greater mummy
123426 | Tomb:1   | Banished a greater mummy
123446 | Tomb:1   | Noticed a greater mummy
123453 | Tomb:1   | Banished a greater mummy
123507 | Tomb:1   | Noticed a greater mummy
123518 | Tomb:1   | Banished a greater mummy
123562 | Tomb:2   | Paralysed by a lich for 7 turns
123568 | Tomb:2   | Noticed Boris
123606 | Tomb:2   | Killed Boris
123979 | Tomb:3   | Entered Level 3 of the Tomb of the Ancients
124060 | Tomb:3   | Noticed a greater mummy
124339 | Tomb:3   | Noticed Khufu
124339 | Tomb:3   | Noticed a greater mummy
124339 | Tomb:3   | Noticed a greater mummy
124340 | Tomb:3   | Noticed a greater mummy
124345 | Tomb:3   | Noticed a greater mummy
124345 | Tomb:3   | Noticed a greater mummy
124345 | Tomb:3   | Noticed Frederick
124345 | Tomb:3   | Noticed a greater mummy
124345 | Tomb:3   | Noticed Jory
124363 | Tomb:3   | Noticed a greater mummy
124371 | Tomb:3   | Killed from afar by a revenant

Illustrated notes

Levels and vault maps discovered:
D:1:      psy_arrival_basics, layout_basic, minmay_misc_feat_hallway
D:2:      layout_rooms, nicolae_gozag_zags_fifth_avenue, uniq_crazy_yiuf_cottage
D:3:      layout_loops_ring, lemuel_coloured_pillars_altar,
          gammafunk_temple_overflow_pools
D:4:      layout_basic, minmay_temple_entry_antechambers
D:5:      layout_basic
D:6:      layout_basic, sigmund_edmund_badplayer
D:7:      layout_gridville, overflow_temple_1_default,
          ebering_ghost_inner_flame, hex_tiny
D:8:      layout_basic, basic_altar
D:9:      minmay_twisted_water, layout_irregular_city, hiddenorc1_lemuel,
          uniq_pikel
D:10:     layout_roguey, special_room [special_room_kobold], uniq_maggie,
          uniq_erica
D:11:     layout_basic, minmay_lair_entry_grove, serial_shops,
          nicolae_shop_trees
D:12:     kennysheep_six_static_rooms, layout_irregular_city
D:13:     minmay_glassy_protrusions, layout_basic, pond, uniq_josephine
D:14:     layout_basic, grunt_vaults_entry_tiered, minmay_misc_feat_doors,
          gammafunk_ghost_wrathful_warriors
D:15:     hangedman_depths_entry_civil_slaughter, layout_loops_ring,
          chequers_serial_rivers_large_b, minmay_hidden_floor
Lair:1:   layout_roguey, chequers_serial_rivers_room_a, uniq_fannar
Lair:2:   layout_roguey, skrybe_swamp_entry_bodies, spider_nest_entry_webs,
          nicolae_volcano_entry_hallway, grunt_megastairs_2
Lair:3:   layout_hall_layers, gammafunk_ghost_arena
Lair:4:   layout_regular_city, chequers_serial_rivers_large_a, minivault_24,
          minivault_11, infiniplex_staircase_pool_2, uniq_kirke
Lair:5:   layout_cave_pods, dpeg_slime_entry_enclosed_altar, special_room
          [special_room_bee], minmay_holes, st_stairs_4,
          bobbens_dragon_lair_wall, minmay_lair_oklob_chamber
Lair:6:   minmay_lair_end_enchanted_forest, layout_concentric_octagons,
          grunt_megastairs_3
Swamp:1:  layout_falls_marsh, evilmike_swamp_ruin_rubble_2, swamp_pool3
Swamp:2:  layout_basic_swamp, hangedman_swamp_ruin_wall, swamp_pool5
Swamp:3:  layout_basic_swamp, evilmike_swamp_ruin_house_2
Swamp:4:  swamp_pestilence, layout_basic_swamp, lemuel_altar_in_water
Spider:1: layout_spider_delve, ebering_ghost_xom, drop_trap
Spider:2: layout_spider_delve
Spider:3: layout_spider_delve, uniq_asterion
Spider:4: grunt_spider_rune_parallel, portal_ice_cave_entry_pillars_1, drop_trap
Slime:1:  layout_caves
Slime:2:  layout_caves
Slime:3:  layout_caves
Slime:4:  layout_caves
Slime:5
Orc:1:    layout_caves, serial_shops, shop, minmay_orc_keep
Orc:2:    grunt_orc_community_town_hall, layout_caves,
          grunt_orc_community_big_house_2, grunt_orc_community_big_house_1,
          grunt_orc_community_house_1, grunt_orc_community_house_1,
          grunt_orc_community_house_2, grunt_orc_community_house_3,
          grunt_orc_community_house_3, basic_altar, lightli_church_of_beogh,
          uniq_donald
Elf:1:    eino_elf_arrival_customs, layout_geoelf_grid, hangedman_elf_disciples,
          uniq_frances
Elf:2:    layout_gridlike, serial_shops, nicolae_shop_statue_plus,
          small_statue_intersection, corner_web_ring,
          nicolae_elf_big_sculpture_3, palyth_stone_intersect, uniq_roxanne
Elf:3:    grunt_elf_hall_asides, layout_gridlike, elves_outpost_lemuel
Vaults:1: gammafunk_vaults_ghost_spectres, vaults_door_vault, v_rooms_3,
          nicolae_vaults_arrows, v_pattern_5, grunt_vaults_swirl,
          vaults_dpeg_ring, v_misc_3, layout_vaults_omnigrid
Vaults:2: ontoclasm_vaults_gateway, nicolae_vaults_network_star,
          ontoclasm_vaults_ring_large, minmay_crypt_entry_necro_gods, v_misc_23,
          vaults_dpeg_spiral, nicolae_vaults_network_square,
          grunt_vaults_hallway_short, nicolae_vaults_display_case,
          nicolae_vaults_mini_display_case, vaults_room_hallway,
          layout_vaults_omnicross, serial_shops, shop_statue, shop,
          shop_fountains, shop_statue, shop
Vaults:3: v_alt_pattern_1, vaults_room_fancy_cross, ontoclasm_vaults_ring_large,
          ontoclasm_vaults_eye, grunt_vaults_bifocal,
          nicolae_vaults_yaktaur_gun_rack, v_rooms_4, v_misc_27, v_misc_14,
          v_misc_23, nicolae_vaults_diagonal_hallway_9,
          nicolae_vaults_angled_halls, v_alt_pattern_2,
          layout_vaults_maze_bifur, uniq_aizul
Vaults:4: v_misc_3, v_pattern_2, nicolae_vaults_little_squares_6,
          nicolae_vaults_diagonal_hallway_8, v_misc_11, v_misc_29,
          vaults_standard_mumra_x, v_rooms_1, v_misc_15, vaults_room_door_ring,
          layout_vaults_ring, serial_shops, shop
Vaults:5
Crypt:1:  layout_misc_corridors, uniq_mennas
Crypt:2:  layout_misc_corridors, gammafunk_ghost_mausoleum,
          lemuel_mausoleum_altar_yredelemnul
Crypt:3:  lightli_unholy_cathedral, layout_chaotic_city,
          tomb_entry_forgotten_bobbens, minmay_misc_feat_cross,
          serial_sigils_hangedman_shear, uniq_bai_suzhen
Tomb:1
Tomb:2:   uniq_boris
Tomb:3:   uniq_frederick, uniq_khufu, uniq_jory
Depths:1: layout_cave_pools, pf_coc_iceberg, minmay_misc_feat_columns,
          st_stairs_6, serial_sigils_hangedman_snap, serial_bayou_crossing,
          firewood_loft
Depths:2: minmay_triangles_in_corner, layout_gridlike, patterned_corridor,
          pan_entry, grunt_mini_vestibule, abyss_entry,
          serial_sigils_hangedman_gut, infiniplex_staircase_zigzag_5,
          minmay_shop_grove
Depths:3: minmay_tearing_corner, layout_cave_shapes, hell_entry,
          grunt_pan_entry_in_and_out, nicolae_wwwww, uniq_margery
Depths:4: hangedman_slaughterboxes, abyss_entry, hell_entry, pan_entry,
          uniq_enchantress
Depths:5: evilmike_zot_entry_basic, layout_gridville, enter_ziggurat_d,
          abyss_entry_crystal, minmay_splitting_lines, pf_hell_entry_great_geh
Hell
Dis:1:    layout_regular_city
Dis:2:    layout_subdivisions
Dis:3:    layout_gridville
Dis:4:    layout_gridville
Dis:5:    layout_chaotic_city
Dis:6:    layout_gridville
Dis:7:    iron_city_of_dis [dis_old, dis_wall_4], layout_chaotic_city
Geh:1:    layout_gehenna_lava_caves, hangedman_elemental_corridor
Geh:2:    layout_gehenna_pools_triple
Geh:3:    layout_gehenna_pools_box, hangedman_elemental_grid_stream
Geh:4:    layout_gehenna_lava_caves
Geh:5:    layout_gehenna_lava_caves
Geh:6:    layout_gehenna_lava_caves
Geh:7:    evilmike_geh
Coc:1:    layout_cocytus_water_paths
Coc:2:    layout_ice_bergs
Coc:3:    layout_ice_bergs
Coc:4:    layout_ice_bergs, serial_ice, serial_ice_l, serial_ice_f,
          serial_ice_n, serial_ice_b, serial_ice_h, serial_ice_g, serial_ice_m,
          serial_ice_a
Coc:5:    layout_cocytus_water_paths
Coc:6:    layout_ice_bergs
Coc:7:    coc_dpeg
Tar:1:    layout_catacombs
Tar:2:    layout_grid_maze
Tar:3:    layout_grid_maze, lemuel_elevator
Tar:4:    layout_grid_maze
Tar:5:    layout_cathedral_of_symmetry, lemuel_nasty_fountain,
          grunt_megastairs_4
Tar:6:    layout_cathedral_of_symmetry, nicolae_tar_cuneiform_not
Tar:7:    tar_grunt_cathedral
Zot:1:    lemuel_draconian_sentries, layout_misc_corridors
Zot:2:    lemuel_halls_of_wrath, layout_misc_corridors, evilmike_ambush
          [evilmike_ambush_outer_doors, evilmike_ambush_inner_basic]
Zot:3:    layout_basic, st_single_dragon_hoard_2, grunt_ministairs_14
Zot:4:    layout_concentric_octagons
Zot:5:    layout_onion

Skill      XL: |  1  2  3  4  5  6  7  8  9 10 11 12 13 14 15 16 17 18 19 20 21 22 23 24 25 26 27 |
---------------+----------------------------------------------------------------------------------+-----
Polearms       | 5 6 7 9 10 12 13 15 16 17 18 19 20 21 22 23 24 25 27 | 27.0
Fighting       | 3 4 5 6 7 9 10 11 12 14 15 17 18 19 20 21 22 23 24 27 | 27.0
Dodging        | 5 6 8 9 11 12 13 15 16 17 18 19 20 21 22 23 24 27 | 27.0
Throwing       | 3 4 5 7 8 9 10 12 13 14 15 16 17 18 19 27 | 27.0
Armour         | 4 7 10 11 12 13 14 15 23 | 23.7
Shields        | 2 4 6 7 8 9 10 12 14 15 17 27 | 27.0
Spellcasting   | 14 | 14.1
Evocations     | 23 | 23.1

Action                   |  1- 3 |  4- 6 |  7- 9 | 10-12 | 13-15 | 16-18 | 19-21 | 22-24 | 25-27 || total
-------------------------+-------+-------+-------+-------+-------+-------+-------+-------+-------++-------
Melee: Trident           |   130 |   216 |   443 |  1145 |  1946 |  2742 |       |       |       ||  6622
       Tailslap          |       |       |       |    13 |     3 |   131 |     3 |       |    21 ||   171
       Unarmed           |       |       |       |       |     1 |       |       |       |       ||     1
       Demon trident     |       |       |       |       |       |    93 |  1725 |  1357 |  8705 || 11880
Throw: Dart              |       |     4 |       |       |       |       |       |       |       ||     4
       Throwing net      |       |     2 |       |       |       |       |       |       |     1 ||     3
       Javelin           |       |       |    13 |     3 |    11 |     9 |       |       |    73 ||   109
Invok: Sacrifice Purity  |       |       |     1 |       |       |       |     1 |     1 |       ||     3
       Sacrifice Love    |       |       |     1 |       |       |       |       |       |       ||     1
       Reject Sacrifices |       |       |       |     1 |       |     2 |     1 |       |       ||     4
       Sacrifice Stealth |       |       |       |       |     1 |       |       |       |       ||     1
       Sacrifice Arcana  |       |       |       |       |     1 |       |       |       |       ||     1
       Draw Out Power    |       |       |       |       |     3 |    12 |     4 |     2 |    24 ||    45
       Sacrifice Essence |       |       |       |       |     1 |     2 |       |       |       ||     3
       Sacrifice Health  |       |       |       |       |     1 |       |       |       |       ||     1
       Power Leap        |       |       |       |       |       |     2 |     2 |       |     2 ||     6
 Abil: Evoke Blink       |       |       |       |       |       |       |       |       |     4 ||     4
       Stop Flying       |       |       |       |       |       |       |       |       |     2 ||     2
       Evoke Flight      |       |       |       |       |       |       |       |       |     1 ||     1
Evoke: Wand              |       |       |    16 |    20 |    39 |    24 |     2 |       |    29 ||   130
       Phial of floods   |       |       |       |       |       |     3 |     1 |       |     6 ||    10
       Condenser vane    |       |       |       |       |       |       |       |       |    16 ||    16
       Tin of tremorston |       |       |       |       |       |       |       |       |     8 ||     8
  Use: Scroll            |       |     1 |       |     1 |    21 |    12 |     9 |     6 |    63 ||   113
       Potion            |       |       |     4 |       |       |     7 |     4 |     1 |    47 ||    63
 Stab: Sleeping          |     1 |     1 |     1 |       |       |     1 |       |       |       ||     4
       Held in net/web   |       |     2 |       |       |       |       |       |       |       ||     2
       Paralysed         |       |       |    17 |       |       |     9 |     2 |     3 |    20 ||    51
       Invisible         |       |       |       |     4 |     4 |    19 |     6 |     1 |    36 ||    70
       Distracted        |       |       |       |     1 |     8 |    15 |     8 |     8 |    33 ||    73
       Confused          |       |       |       |       |       |     1 |       |       |     3 ||     4
Armor: Leather armour    |    21 |    32 |    27 |       |       |       |       |       |       ||    80
       Robe              |       |       |    21 |       |       |       |       |       |       ||    21
       Chain mail        |       |       |    12 |   385 |   459 |  1062 |   368 |    93 |   798 ||  3177
       Skin              |       |       |       |       |       |    20 |       |       |       ||    20
Dodge: Dodged            |    54 |   113 |   225 |   552 |  1016 |  1807 |   659 |   323 |  2529 ||  7278
Block: Kite shield       |       |       |       |       |       |   471 |   550 |   257 |  3323 ||  4601
       Reflection        |       |       |       |       |       |     1 |    68 |    36 |   148 ||   253

Table legend: (Time is in decaauts)
 A = Elapsed time spent in this place.
 B = Non-inter-level travel time spent in this place.
 C = Inter-level travel time spent in this place.
 D = Time resting spent in this place.
 E = Time spent auto-exploring this place.
 F = Levels seen in this place.
 G = Mean time per level.
                   A        B        C        D        E       F      G
               +--------+--------+--------+--------+--------+-----+--------+
         Total | 117699 | 110196 |   7503 |  36738 |  48387 | 108 | 1089.8 |
       Dungeon |  27761 |  25279 |   2482 |   9890 |  11117 |  15 | 1850.7 |
          Lair |  10526 |   9585 |    941 |   3224 |   4963 |   6 | 1754.3 |
         Swamp |   8245 |   8083 |    162 |   4145 |   2545 |   4 | 2061.2 |
   Spider Nest |   6734 |   6651 |     83 |   3037 |   2506 |   4 | 1683.5 |
    Slime Pits |    590 |    570 |     20 |     34 |     38 |   5 |  118.0 |
  Orcish Mines |   3253 |   3030 |    223 |    914 |   1415 |   2 | 1626.5 |
   Elven Halls |   6257 |   6037 |    220 |   2350 |   2777 |   3 | 2085.7 |
        Vaults |   9847 |   8862 |    985 |   1531 |   5551 |   5 | 1969.4 |
         Crypt |   1740 |   1674 |     66 |    418 |    733 |   3 |  580.0 |
          Tomb |   3816 |   3683 |    133 |   1920 |    985 |   3 | 1272.0 |
        Depths |   7780 |   6586 |   1194 |   1596 |   3581 |   5 | 1556.0 |
          Hell |   1920 |   1748 |    172 |   1040 |    343 |   1 | 1920.0 |
           Dis |   3732 |   3574 |    158 |    560 |   1899 |   7 |  533.1 |
       Gehenna |   2573 |   2459 |    114 |    355 |   1062 |   7 |  367.6 |
       Cocytus |   2006 |   1860 |    146 |    558 |    231 |   7 |  286.6 |
      Tartarus |   2912 |   2887 |     25 |    952 |    878 |   7 |  416.0 |
           Zot |   7161 |   6790 |    371 |   2077 |   3079 |   5 | 1432.2 |
         Abyss |   1737 |   1737 |      0 |     78 |    934 |   5 |  347.4 |
   Pandemonium |   7263 |   7263 |      0 |   1006 |   3522 |  12 |  605.2 |
      Ice Cave |   1146 |   1146 |      0 |    687 |    114 |   1 | 1146.0 |
       Volcano |    691 |    691 |      0 |    357 |    109 |   1 |  691.0 |
               +--------+--------+--------+--------+--------+-----+--------+

Top non-repeatable levels by time:
    D:14: 3737 daAuts
    D:13: 3466 daAuts
  Lair:5: 3000 daAuts
Vaults:1: 2991 daAuts
 Swamp:4: 2976 daAuts
   Elf:2: 2726 daAuts
     D:5: 2492 daAuts
  Tomb:1: 2419 daAuts
  Lair:6: 2404 daAuts
   Elf:3: 2234 daAuts
 Swamp:1: 2159 daAuts
Spider:2: 2062 daAuts
    D:15: 2058 daAuts
   Orc:2: 2057 daAuts
     D:9: 2045 daAuts
